 Dungeon Crawl Stone Soup version 0.28-a0-1395-g4f6bc678fa (webtiles) character file.

Game seed: 17884773937410104939

21 Deminshera the Vandal (level 2, 21/21 HPs)
             Began as a Demonspawn Wanderer on Jan 4, 2022.
             Quit the game on level 1 of the Dungeon.
             The game lasted 00:01:47 (647 turns).

Deminshera the Vandal (Demonspawn Wanderer)          Turns: 647, Time: 00:01:48

Health: 21/21      AC:  2    Str: 10    XL:     2   Next: 65%
Magic:  5/5        EV: 11    Int: 15    God:
Gold:   9          SH:  0    Dex: 12    Spells: 4/5 levels left

rFire   . . .      SeeInvis .   a - +0 hunting sling (vorpal)
rCold   . . .      Faith    .   (no shield)
rNeg    . . .      Spirit   .   e - +0 robe
rPois   .          Reflect  .   (helmet restricted)
rElec   .          Harm     .   (no cloak)
rCorr   .          Rampage  .   (no gloves)
Will    .....                   (no boots)
Stlth   +.........              (no amulet)
HPRegen 0.07/turn               (no ring)
MPRegen 0.09/turn               (no ring)

@: no status effects
A: antennae 1
a: no special abilities


You were on level 1 of the Dungeon.
You visited 1 branch of the dungeon, and saw 1 of its levels.

You collected 9 gold pieces.

Inventory:

Hand Weapons
 a - a +0 vorpal hunting sling (weapon)
 d - a +0 dagger
Missiles
 b - 20 sling bullets
 c - 9 boomerangs
 g - 17 stones (quivered ammo)
Armour
 e - a +0 robe (worn)
Scrolls
 f - a scroll of teleportation {unknown}


   Skills:
 + Level 1.5 Fighting
 + Level 3.2(3.4) Slings
 - Level 1.7(2.7) Throwing
 - Level 1.0 Armour
 - Level 2.0 Spellcasting
 - Level 1.2 Invocations
 - Level 1.0 Evocations


You had 4 spell levels left.
You knew the following spells:

 Your Spells              Type           Power      Damage    Failure   Level
a - Shock                 Conj/Air       4%         1d3       22%         1

Your spell library contained the following spells:

 Spells                   Type           Power      Damage    Failure   Level
 Sandblast                Erth           2%         2d4       22%         1
 Passwall                 Tmut/Erth      0%         N/A       32%         2
 Stone Arrow              Conj/Erth      2%         3d7       54%         3
 Swiftness                Air            1%         N/A       54%         3


Dungeon Overview and Level Annotations

Branches:
Dungeon (1/15)

Altars:


Innate Abilities, Weirdness & Mutations

You have a pair of small antennae on your head.


Message History

g - 22 stones (gained 1)
A bat comes into view.
A bat is nearby!
A bat is nearby!
Fire: 22 stones
Press: ? - help, Q - select action, (/) - cycle Shift-Dir - straight line, f - bat
Aim: a bat (42% to hit)
You shoot a stone. The stone hits the bat.
The bat is severely wounded.
You shoot a stone. The stone misses the bat.
The bat barely misses you.
You shoot a stone. The stone closely misses the bat.
The bat hits you but does no damage.
You shoot a stone. The stone barely misses the bat.
The bat barely misses you.
A bat is nearby!
A bat is nearby!
You shoot a stone. The stone closely misses the bat.
The bat closely misses you.
You shoot a stone. The stone closely misses the bat.
The bat hits you. The bat closely misses you.
You shoot a stone. The stone hits the bat!
You kill the bat!
No target in view!
No target in view!
g - 16 stones (gained 1)
g - 18 stones (gained 2)
g - 19 stones (gained 1)
g - 20 stones (gained 1)
An endoplasm comes into view.
An endoplasm is nearby!
An endoplasm is nearby!
An endoplasm is nearby!
You shoot a stone. The stone barely misses the endoplasm.
The endoplasm quivers.
You shoot a stone. The stone hits the endoplasm.
The endoplasm is moderately wounded.
You shoot a stone. The stone hits the endoplasm.
You kill the endoplasm!
No target in view!
No target in view!
Are you sure you want to abandon this character and quit the game? (Confirm with "yes".)

..####...#.....#..#
#†...
.........#.≈≈≈.#..#
##### .###.#<.#.X≈≈.#..#
#....#.≈≈≈.#..# #
#....#.....#..# ##
#.#..#######..# ##.
#.##.........## ##[.
...#.###.........####...
.....(.@...........(÷...
(((..P...####....####...
.≈≈.≈≈P..# #.#.## ##).
≈≈≈≈≈≈≈..# #.### ##.
≈≈≈≈.≈≈..# #.# ##
≈≈≈≈≈.≈P.# #.# #
≈≈≈≈≈≈(.## #.# .≈.≈PP..#
#.# #### #.. #...


You could see a neutral kraken (wandering).

Vanquished Creatures
  A dart slug (D:1)
  2 ball pythons (D:1)
  4 bats (D:1)
  2 endoplasms (D:1)
  A goblin (D:1)
  3 hobgoblins (D:1)
  A quokka (D:1)
  2 frilled lizards (D:1)
  A rat (D:1)
17 creatures vanquished.

Vanquished Creatures (others)
  A draconian (D:1)
  An octopode (D:1)
  2 elves (D:1)
  A troll (D:1)
  3 merfolk (D:1)
  A vampire (D:1)
  A demigod (D:1)
  A tengu (D:1)
  An orc (D:1)
  2 plants (D:1)
  9 tentacles (D:1)
23 creatures vanquished.

Grand Total: 40 creatures vanquished

Notes
Turn   | Place    | Note
-------+----------+-------------------------------------------
     0 | D:1      | Deminshera the Demonspawn Wanderer began the quest for the
                  | Orb.
     0 | D:1      | Deminshera set off with the following items: a +0 vorpal
                  | hunting sling, 21 sling bullets, 9 boomerangs, a +0 dagger,
                  | a +0 robe; and the following spell memorised: Shock; and
                  | the following spells available to memorise: Swiftness
     0 | D:1      | Reached XP level 1. HP: 13/13 MP: 3/3
     0 | D:1      | Noticed an elf
     0 | D:1      | Noticed a vampire
     0 | D:1      | Noticed a merfolk
     0 | D:1      | Noticed a tengu
     0 | D:1      | Noticed a troll
     0 | D:1      | Noticed a kraken
     0 | D:1      | Noticed a merfolk
     0 | D:1      | Noticed an octopode
     0 | D:1      | Noticed a merfolk
     0 | D:1      | Noticed a demigod
     0 | D:1      | Noticed a draconian
     0 | D:1      | Noticed an elf
     3 | D:1      | Killed an octopode
     5 | D:1      | Killed an elf
    10 | D:1      | Killed a merfolk
    13 | D:1      | Killed a tengu
    14 | D:1      | Killed a vampire
    17 | D:1      | Killed a merfolk
    18 | D:1      | Killed a troll
    19 | D:1      | Killed a merfolk
    22 | D:1      | Killed a demigod
    23 | D:1      | Killed an elf
    26 | D:1      | Killed a draconian
    56 | D:1      | Reached skill level 1 in Fighting
    92 | D:1      | Reached skill level 3 in Slings
   166 | D:1      | Gained mutation: You have a pair of small antennae on your
                  | head. [demonic ancestry]
   166 | D:1      | Reached XP level 2. HP: 19/21 MP: 0/5
   647 | D:1      | Quit the game

Illustrated notes

Levels and vault maps discovered:
D:1:      nicolae_arrival_kraken_aquarium_a, layout_loops_corners,
          dreamdust_ecumenical_altar_angels_and_demons, serial_bayou_pond_b

Skill      XL: |  1 |
---------------+----+-----
Fighting       | 1 |  1.5
Slings         | 3 |  3.2
Throwing       | |  1.7
Armour         | |  1.0
Spellcasting   | |  2.0
Invocations    | |  1.2
Evocations     | |  1.0

Action                   || total
-------------------------++-------
 Fire: Hunting sling     ||    26
 Cast: Shock             ||    16
Armor: Robe              ||     5
Dodge: Dodged            ||    16

Table legend: (Time is in decaauts)
 A = Elapsed time spent in this place.
 B = Non-inter-level travel time spent in this place.
 C = Inter-level travel time spent in this place.
 D = Time resting spent in this place.
 E = Time spent auto-exploring this place.
 F = Levels seen in this place.
 G = Mean time per level.
                   A        B        C        D        E       F      G
               +--------+--------+--------+--------+--------+-----+--------+
         Total |    647 |    647 |      0 |    105 |    449 |   1 |  647.0 |
       Dungeon |    647 |    647 |      0 |    105 |    449 |   1 |  647.0 |
               +--------+--------+--------+--------+--------+-----+--------+

Top non-repeatable levels by time:
     D:1: 647 daAuts
